 Dungeon Crawl Stone Soup version 0.28-a0-984-g3775c662fe (webtiles) character file.

Game seed: 11517304215187266769

235 Hipnos the Digger (level 5, 0/28 HPs)
             Began as a Deep Elf Earth Elementalist on Dec 3, 2021.
             Slain by Edmund (12 damage)
             ... on level 4 of the Dungeon.
             The game lasted 00:05:06 (3184 turns).

Hipnos the Digger (Deep Elf Earth Elementalist)     Turns: 3184, Time: 00:05:07

Health: 0/28       AC:  3    Str:  5    XL:     5   Next: 76%
Magic:  0/14       EV: 13    Int: 22    God:
Gold:   143        SH:  0    Dex: 15    Spells: 3/13 levels left

rFire   . . .      SeeInvis .   a - +0 whip (venom)
rCold   . . .      Faith    .   (no shield)
rNeg    . . .      Spirit   .   b - +0 robe
rPois   .          Reflect  .   o - +0 helmet
rElec   .          Harm     .   (no cloak)
rCorr   .          Rampage  .   (no gloves)
Will    .....                   (no boots)
Stlth   ++........              (no amulet)
HPRegen 0.09/turn               (no ring)
MPRegen 0.14/turn               (no ring)

@: very slightly contaminated
A: no striking features
a: no special abilities


You were on level 4 of the Dungeon.
You visited 1 branch of the dungeon, and saw 4 of its levels.

You collected 143 gold pieces.

Inventory:

Hand Weapons
 a - a +0 whip of venom (weapon)
Armour
 b - a +0 robe (worn)
 o - a +0 helmet (worn)
Scrolls
 d - a scroll of identify {unknown}
 e - a scroll of fear {unknown}
 f - a scroll of teleportation {unknown}
 g - 3 scrolls of amnesia {unknown}
 l - a scroll of fog {unknown}
 n - a scroll of enchant armour {unknown}
Potions
 c - a potion of heal wounds {unknown}
 i - a potion of degeneration {unknown}
 j - a potion of attraction {unknown}
 k - a potion of curing {unknown}
 m - a potion of flight {unknown}


   Skills:
 + Level 2.9 Dodging
 - Level 2.9 Stealth
 + Level 4.9 Spellcasting
 * Level 1.9 Conjurations
 + Level 1.1 Transmutations
 * Level 5.6 Earth Magic


You had 3 spell levels left.
You knew the following spells:

 Your Spells              Type           Power      Damage    Failure   Level
a - Sandblast             Erth           60%        2d14      1%          1
b - Passwall              Tmut/Erth      16%        N/A       3%          2
c - Stone Arrow           Conj/Erth      44%        3d9       6%          3
d - Petrify               Tmut/Erth      20%        N/A       26%         4

Your spell library contained the following spells:

 Spells                   Type           Power      Damage    Failure   Level


Dungeon Overview and Level Annotations

Branches:
Dungeon (4/15)
 Temple: D:4-7

Altars:
Trog

Shops:
D:2 (   D:3 :

Annotations:
D:4 Edmund


Message History

You miscast Stone Arrow.
You are very lightly contaminated with residual magic.
Nothing appears to happen.
Edmund says, "You wouldn't believe how much I paid for this flail."
Casting: Stone Arrow (quite dangerous; 6% risk of failure)
Confirm with . or Enter, or press ? or * to list all spells.
The spell is quite dangerous to miscast (6% risk of failure)!
Continue anyway?
Aiming: Stone Arrow (quite dangerous; 6% risk of failure)
Press: ? - help, Shift-Dir - straight line, f/p - Edmund
Aim: Edmund, wielding a +2 dire flail of protection and wearing a +0 scale mail (75% to hit)
The stone arrow hits Edmund.
Edmund is lightly wounded.
Casting: Stone Arrow (quite dangerous; 6% risk of failure)
Confirm with . or Enter, or press ? or * to list all spells.
The spell is quite dangerous to miscast (6% risk of failure)!
Continue anyway?
Aiming: Stone Arrow (quite dangerous; 6% risk of failure)
Press: ? - help, Shift-Dir - straight line, f/p - Edmund
Aim: Edmund, wielding a +2 dire flail of protection and wearing a +0 scale mail (lightly wounded, 75% to hit)
The stone arrow hits Edmund!
Edmund is moderately wounded.
Casting: Stone Arrow (quite dangerous; 6% risk of failure)
Confirm with . or Enter, or press ? or * to list all spells.
The spell is quite dangerous to miscast (6% risk of failure)!
Continue anyway?
Aiming: Stone Arrow (quite dangerous; 6% risk of failure)
Press: ? - help, Shift-Dir - straight line, f/p - Edmund
Aim: Edmund, wielding a +2 dire flail of protection and wearing a +0 scale mail (moderately wounded, 75% to hit)
You miscast Stone Arrow.
Nothing appears to happen.
Edmund hits you with a +2 dire flail of protection!
Ouch! That really hurt!
Edmund closely misses you.
Casting: Stone Arrow (quite dangerous; 6% risk of failure)
Confirm with . or Enter, or press ? or * to list all spells.
The spell is quite dangerous to miscast (6% risk of failure)!
Continue anyway?
Aiming: Stone Arrow (quite dangerous; 6% risk of failure)
Press: ? - help, Shift-Dir - straight line, f/p - Edmund
Aim: Edmund, wielding a +2 dire flail of protection and wearing a +0 scale mail (moderately wounded, 75% to hit)
The stone arrow hits Edmund!
Edmund is severely wounded.
Edmund hits you with a +2 dire flail of protection!
You die...

#.##.######.#########. #
..#.#...).......)....
#..##.#.#.#......########
#.......#.#......#
.'..####.##.#......# .
#.##.#......#
#..#.####+### ##@#.#
#.@.# ##..# #..# ##.# #.#
..# #.. ##.


You could see Edmund.

Vanquished Creatures
  An ogre (D:4)
  A hound (D:3)
  An iguana (D:4)
  A hound skeleton (D:4)
  2 adders (D:3)
  2 worms (D:3)
  A dart slug (D:1)
  2 orcs
  6 ball pythons
  3 endoplasms
  2 giant cockroaches
  4 goblins
  9 hobgoblins
  4 kobolds
  2 quokkas (D:3)
  5 bats
  4 frilled lizards
  4 rats
54 creatures vanquished.

Vanquished Creatures (others)
  A wizard (D:3)
1 creature vanquished.

Grand Total: 55 creatures vanquished

Notes
Turn   | Place    | Note
-------+----------+-------------------------------------------
     0 | D:1      | Hipnos the Deep Elf Earth Elementalist began the quest for
                  | the Orb.
     0 | D:1      | Reached XP level 1. HP: 10/10 MP: 6/6
   174 | D:1      | Reached XP level 2. HP: 15/15 MP: 6/8
   421 | D:1      | Reached skill level 4 in Earth Magic
   446 | D:1      | Learned a level 2 spell: Passwall
   867 | D:2      | Found a faded altar of an unknown god.
   985 | D:2      | Found Qaora's Weapon Shop.
  1010 | D:2      | Reached XP level 3. HP: 19/19 MP: 7/10
  1063 | D:2      | Learned a level 3 spell: Stone Arrow
  1816 | D:3      | Found Qihon's Book Shoppe.
  1882 | D:3      | Found a bloodstained altar of Trog.
  2322 | D:3      | Reached XP level 4. HP: 24/24 MP: 8/11
  2389 | D:3      | Learned a level 4 spell: Petrify
  2409 | D:3      | Reached skill level 5 in Earth Magic
  2600 | D:3      | Noticed a wizard
  2606 | D:3      | Killed a wizard
  2881 | D:4      | Reached skill level 1 in Conjurations
  2993 | D:4      | Noticed an ogre
  3004 | D:4      | Killed an ogre
  3005 | D:4      | Reached XP level 5. HP: 28/28 MP: 0/14
  3173 | D:4      | Noticed Edmund
  3184 | D:4      | Slain by Edmund

Illustrated notes

Levels and vault maps discovered:
D:1:      evilmike_arrival_crescent, layout_basic
D:2:      layout_basic, shapermc_ecumenical_altar_mp_vishouse, serial_shops,
          nicolae_shop_statue_plus
D:3:      layout_basic, trog_wizard, serial_shops, nicolae_shop_waterfront
D:4:      layout_basic, uniq_ijyb, uniq_edmund

Skill      XL: |  1  2  3  4 |
---------------+-------------+-----
Earth Magic    | 4 5 |  5.6
Spellcasting   | 4 |  4.9
Conjurations   | 1 |  1.9
Dodging        | |  2.9
Stealth        | |  2.9
Transmutations | |  1.1

Action                   |  1- 3 |  4- 6 || total
-------------------------+-------+-------++-------
Melee: Whip              |    19 |     1 ||    20
 Cast: Sandblast         |    55 |     8 ||    63
       Stone Arrow       |       |    15 ||    15
Armor: Robe              |     6 |       ||     6
Dodge: Dodged            |    18 |     3 ||    21

Table legend: (Time is in decaauts)
 A = Elapsed time spent in this place.
 B = Non-inter-level travel time spent in this place.
 C = Inter-level travel time spent in this place.
 D = Time resting spent in this place.
 E = Time spent auto-exploring this place.
 F = Levels seen in this place.
 G = Mean time per level.
                   A        B        C        D        E       F      G
               +--------+--------+--------+--------+--------+-----+--------+
         Total |   3186 |   3121 |     65 |      0 |   2776 |   4 |  796.5 |
       Dungeon |   3186 |   3121 |     65 |      0 |   2776 |   4 |  796.5 |
               +--------+--------+--------+--------+--------+-----+--------+

Top non-repeatable levels by time:
     D:3: 1213 daAuts
     D:2: 881 daAuts
     D:1: 780 daAuts
     D:4: 310 daAuts
